 Dungeon Crawl Stone Soup version 0.30.1-5-ged363bc7ee (webtiles) character file.

Game seed: 13145637074534662488

242 monsoonserge the Trooper (level 5, -2/42 HPs)
             Began as a Demonspawn Monk on Sept 20, 2023.
             Slain by a jelly (3 damage)
             ... on level 4 of the Dungeon.
             The game lasted 00:08:16 (3067 turns).

monsoonserge the Trooper (Demonspawn Monk)          Turns: 3067, Time: 00:08:18

Health: -2/42      AC: -17   Str: 11    XL:     5   Next: 82%
Magic:  14/14      EV: 16    Int: 11    God:
Gold:   226        SH:  4    Dex: 18    Spells: 4/4 levels left

rFire   . . .        a - +2 dagger (flame)
rCold   . . .        d - orb {light}
rNeg    + . .        l - +0 ring mail
rPois   .            p - +0 helmet
rElec   .            (no cloak)
rCorr   .            (no gloves)
SInv    .            (no boots)
Will    .....        s - amulet of regeneration
Stlth   +            n - ring of magical power
HPRegen 1.07/turn    x - ring of positive energy
MPRegen 0.14/turn

%: no passive effects
@: mighty, agile, corroded, attractive, glowing
A: powered by pain 1, condensation shield
a: no special abilities


You were on level 4 of the Dungeon.
You visited 1 branch of the dungeon, and saw 4 of its levels.

You collected 226 gold pieces.

Inventory:

Hand Weapons
 a - a +2 dagger of flaming (weapon)
 b - a +0 sling
 y - a +1 dagger of venom
Missiles
 u - 6 poisoned darts (quivered)
 z - a boomerang
Armour
 d - an orb of light (worn)
 l - a +0 ring mail (worn)
 o - a +0 robe
 p - a +0 helmet (worn)
Jewellery
 n - a ring of magical power (left hand)
 q - an amulet of the acrobat
 s - an amulet of regeneration (around neck)
 x - a ring of positive energy (right hand)
Scrolls
 e - 4 scrolls of poison {unknown}
 i - 5 scrolls of identify {unknown}
 m - a scroll of teleportation {unknown}
 t - a scroll of magic mapping {unknown}
 v - a scroll of amnesia {unknown}
 w - a scroll of enchant armour {unknown}
Potions
 h - a potion of brilliance {unknown}
 j - 3 potions of haste
 k - a potion of degeneration {unknown}
 r - a potion of lignification {unknown}


   Skills:
 + Level 3.8 Fighting
 + Level 2.6(3.3) Short Blades
 - Level 2.9(3.4) Long Blades
 + Level 2.7 Ranged Weapons
 + Level 1.0 Armour
 + Level 3.1 Dodging
 + Level 0.1 Stealth
 + Level 0.1 Shields


You had 4 spell levels left.
You didn't know any spells.
Your spell library was empty.

Dungeon Overview and Level Annotations

Branches:
Dungeon (4/15)
 Temple: D:4-7

Altars:


Innate Abilities, Weirdness & Mutations

You sometimes gain a little power by taking damage.
A meltable shield of frost defends you. (SH +4)


Message History

You hit the jelly but do no damage.
Your hands burn!
The jelly is severely wounded.
The jelly completely misses you. The jackal closely misses you.
You hit the jelly but do no damage. The acid corrodes you!
Your hands burn!
The jelly is severely wounded.
The jelly barely misses you. The jackal bites you.
You hit the jelly but do no damage.
Your hands burn!
The jelly is severely wounded.
The jelly barely misses you.
You hit the jelly but do no damage.
Your hands burn!
The jelly is severely wounded.
The jackal barely misses you. The jelly misses you.
The hound barely misses you.
You're too confused to move!
You feel less invigorated.
You feel less confused. The jackal closely misses you. The hound bites you.
The jelly hits you. The acid corrodes you!
You are splashed with acid.
The jackal bites you.
You hit the jelly but do no damage.
Your hands burn!
The jelly is severely wounded.
The hound misses you. The jackal completely misses you.
The jelly completely misses you.
You hit the jelly but do no damage.
Your hands burn!
The jelly is severely wounded.
You block the hound's attack. The jackal bites you. The hound bites you.
The jelly hits you.
* * * LOW HITPOINT WARNING * * *
You are splashed with acid!
* * * LOW HITPOINT WARNING * * *
It was a potion of attraction.
You feel attractive to monsters. The jackal bites you.
* * * LOW HITPOINT WARNING * * *
The hound closely misses you. The jelly barely misses you.
It was a potion of might.
You feel very mighty all of a sudden. The jackal bites you.
* * * LOW HITPOINT WARNING * * *
The hound closely misses you. You block the jackal's attack.
The hound barely misses you. The jelly hits you.
You die...

.#...#.. .# .....
....... .# .#.. .....
.# ..#h. ....
.##..... #..# ###
....^#.. #..#
#.###....##..
#..###.##..#......
#.............h...
#@h##..#..........
###Jh###...##...?..
#..<.##....# #..#..
##...#<†..##..[..# .
#######...###.)##
..#..J.
.........##........##
..#
..###.....##..#.#.##
... ##...###.##.# ..
##..# #. .# #..


You could see a hound, a jelly and a jackal.

Vanquished Creatures
  2 howler monkeys
  2 orc wizards (D:3)
  Robin (D:2)
  3 adders (D:3)
  A worm (D:3)
  2 dart slugs
  6 orcs
  An endoplasm (D:1)
  2 giant cockroaches
  7 hobgoblins
  3 jackals
  4 quokkas
  3 ball pythons
  3 bats
  3 frilled lizards
  17 goblins
  8 kobolds
  3 rats (D:1)
71 creatures vanquished.

Notes
Turn   | Place    | Note
-------+----------+-------------------------------------------
     0 | D:1      | monsoonserge the Demonspawn Monk began the quest for the
                  | Orb.
     0 | D:1      | Reached XP level 1. HP: 18/18 MP: 1/1
   311 | D:1      | Gained mutation: A meltable shield of frost defends you.
                  | (SH +4) [demonic ancestry]
   311 | D:1      | Reached XP level 2. HP: 24/24 MP: 2/2
  1106 | D:2      | Noticed Robin
  1126 | D:2      | Gained mutation: You sometimes gain a little power by
                  | taking damage. [demonic ancestry]
  1126 | D:2      | Reached XP level 3. HP: 20/29 MP: 3/3
  1140 | D:2      | Killed Robin
  1154 | D:2      | Reached skill level 1 in Short Blades
  2016 | D:3      | Reached XP level 4. HP: 32/37 MP: 4/4
  2325 | D:3      | Reached skill level 1 in Ranged Weapons
  2636 | D:3      | Reached XP level 5. HP: 34/42 MP: 5/5
  2943 | D:4      | Noticed a phantom
  3017 | D:3      | Reached skill level 1 in Armour
  3066 | D:4      | HP: 1/42 [jackal (3)]
  3067 | D:4      | Slain by a jelly

Illustrated notes

Levels and vault maps discovered:
D:1:      dpeg_arrival_rooms_c, layout_basic
D:2:      layout_loops_ring, uniq_robin
D:3:      layout_loops_ring
D:4:      layout_layer_cave, mainiacjoe_overflow_brackets,
          minmay_temple_entry_waves, uniq_eustachio

Skill      XL: |  1  2  3  4  5 |
---------------+----------------+-----
Dodging        | 3 |  3.1
Short Blades   | 1 2 |  2.6
Ranged Weapons | 2 |  2.7
Armour         | 1 |  1.0
Fighting       | |  3.8
Long Blades    | |  2.9
Stealth        | |  0.1
Shields        | |  0.1

Action                     |  1- 3 |  4- 6 || total
---------------------------+-------+-------++-------
  Melee: Falchion          |    28 |       ||    28
         Rapier            |    63 |       ||    63
         Dagger            |    28 |    81 ||   109
   Fire: Sling             |    18 |    45 ||    63
    Use: Potion            |       |     3 ||     3
 Armour: Robe              |     2 |       ||     2
         Ring mail         |    28 |    22 ||    50
  Dodge: Dodged            |    59 |    56 ||   115
  Block: Orb               |    10 |     5 ||    15
